 Dungeon Sprint DCSS version 0.29-a0-1065-g47a6bb87d6 (webtiles) character file.

Game seed: 6649758989717514773

25 wilfster70 the Sneak (level 2, -16/19 HPs)
             Began as a Vampire Enchanter on Aug 18, 2022.
             Demolished by an ogre
             ... wielding a +0 giant club
              (35 damage)
             ... in the Dungeon (Sprint I: "Red Sonja").
             The game lasted 00:00:52 (53 turns).

wilfster70 the Sneak (Vampire Enchanter)              Turns: 53, Time: 00:00:52

Health: -16/19     AC:  2    Str:  7    XL:     2   Next: 82%
Magic:  6/6        EV: 12    Int: 17    God:
Gold:   0          SH:  0    Dex: 14    Spells: 5/7 levels left

rFire   . . .      SeeInvis +   a - +1 dagger
rCold   . . .      Faith    .   (no shield)
rNeg    . . .      Spirit   .   b - +0 robe
rPois   .          Reflect  .   (no helmet)
rElec   .          Harm     .   (no cloak)
rCorr   .          Rampage  .   (no gloves)
Will    .....      NoTele   +   (no boots)
Stlth   +++.......              (no amulet)
HPRegen 0.26/turn               (no ring)
MPRegen 0.10/turn               (no ring)

@: healing quickly
A: alive, fangs 3, see invisible, vampiric 1
a: Exsanguinate


You were in the Dungeon.
You visited 1 branch

Inventory:

Hand Weapons
 a - a +1 dagger (weapon)
Armour
 b - a +0 robe (worn)
Wands
 h - a wand of iceblast (15)
Scrolls
 i - a scroll of blinking
Potions
 c - 2 potions of invisibility
 d - a potion of curing
 e - a potion of heal wounds
 f - a potion of haste
 g - 2 potions of magic


   Skills:
 + Level 3.1 Short Blades
 - Level 2.1 Dodging
 + Level 6.3 Stealth
 + Level 3.2 Spellcasting
 + Level 6.0 Hexes
 + Level 0.0 Ice Magic


You had 5 spell levels left.
You knew the following spells:

 Your Spells              Type           Power      Damage    Failure   Level
a - Ensorcelled Hibernat  Hex/Ice        26%        N/A       8%          2

Your spell library contained the following spells:

 Spells                   Type           Power      Damage    Failure   Level
 Confusing Touch          Hex            23%        N/A       4%          3
 Tukima's Dance           Hex            23%        N/A       4%          3
 Dazzling Flash           Conj/Hex       26%        N/A       14%         3


Dungeon Overview and Level Annotations

Branches:
Dungeon (1/1)

Altars:


Innate Abilities, Weirdness & Mutations

Your natural rate of healing is accelerated.
You have razor-sharp teeth.
You have supernaturally acute eyesight. (SInv)
You are afflicted with vampirism.


Message History

You puncture Ijyb!
Ijyb is almost dead.
Ijyb hits you but does no damage.
You puncture Ijyb!
You kill Ijyb!
Your Short Blades skill gained 2 levels and is now at level 3!
Your Stealth skill gained 2 levels and is now at level 6!
Your Spellcasting skill increases to level 3!
Your Hexes skill gained 2 levels and is now at level 6!
You have reached level 2!
Unknown command.
You feel a strong urge to attack something.
h - a wand of iceblast (15)
Things that are here:
a +0 club; a +0 leather armour You feel your anger nearly subside.
You are no longer berserk.
You are exhausted.
You feel yourself slow down.
There is an open door here.
You start resting.
Magic restored.
You start waiting.
You feel yourself speed up.
Memorise Ensorcelled Hibernation, consuming 2 spell levels and leaving 5?
You start memorising the spell.
You continue memorising. x2
You finish memorising.
Spell assigned to 'a'.
Adjust (i)tems, (s)pells, or (a)bilities?
Okay, then.
Unknown command.
There is an open door here.
You recover from your berserk rage.
Things that are here:
a +0 club; a +0 leather armour You open the door.
An ogre comes into view. It is wielding a +0 giant club.
There is an open door here.
The ogre shouts!
The ogre hits you with a +0 giant club!!
Ouch! That really hurt!
You die...

##########
#<.#.)'@.#
#..'..#.O+
#..#####+#
#..# #..#
#..# #⌠⌠#
####


You could see an ogre.

Vanquished Creatures
  Ijyb (D)
1 creature vanquished.

Notes
Turn   | Place    | Note
-------+----------+-------------------------------------------
     0 | D        | wilfster70 the Vampire Enchanter began the quest for the
                  | Orb.
     0 | D        | Reached XP level 1. HP: 13/13 MP: 3/3
    10 | D        | Noticed Ijyb
    16 | D        | Killed Ijyb
    17 | D        | Reached XP level 2. HP: 19/19 MP: 4/6
    45 | D        | Learned a level 2 spell: Ensorcelled Hibernation
    51 | D        | Noticed an ogre
    53 | D        | Demolished by an ogre

Illustrated notes

Levels and vault maps discovered:
D:        dungeon_sprint_1 [red_sonja_temple_1, red_sonja_temple_small_1]

Skill      XL: |  1 |
---------------+----+-----
Short Blades   | 3 |  3.1
Stealth        | 6 |  6.3
Spellcasting   | 3 |  3.2
Hexes          | 6 |  6.0
Dodging        | |  2.1

Action                   || total
-------------------------++-------
Melee: Dagger            ||     3
  Use: Potion            ||     1
 Stab: Sleeping          ||     1
Armor: Robe              ||     1

Table legend: (Time is in decaauts)
 A = Elapsed time spent in this place.
 B = Non-inter-level travel time spent in this place.
 C = Inter-level travel time spent in this place.
 D = Time resting spent in this place.
 E = Time spent auto-exploring this place.
 F = Levels seen in this place.
 G = Mean time per level.
                   A        B        C        D        E       F      G
               +--------+--------+--------+--------+--------+-----+--------+
         Total |     60 |     60 |      0 |     24 |      0 |   1 |   60.0 |
       Dungeon |     60 |     60 |      0 |     24 |      0 |   1 |   60.0 |
               +--------+--------+--------+--------+--------+-----+--------+

Top non-repeatable levels by time:
       D: 60 daAuts
